 Dungeon Crawl Stone Soup version 0.32-a0-673-g3729bd50f8 (webtiles) character file.

Game seed: 10688195126212358247

7295 Aldia the Summoner (level 10, 0/53 HPs)
             Began as a Felid Summoner on Mar 10, 2024.
             Was a Priest of Kikubaaqudgha.
             Slain by a two-headed ogre
             ... wielding a +0 halberd
              (18 damage)
             ... in a bailey on Mar 11, 2024.
             The game lasted 00:29:26 (9120 turns).

Aldia the Summoner (Felid Summoner)                 Turns: 9120, Time: 00:29:27

Health: 0/53       AC:  2    Str:  4    XL:     10   Next: 89%
Magic:  22/22      EV: 22    Int: 29    God:    Kikubaaqudgha [***...]
Gold:   475        SH:  0    Dex: 17    Spells: 4/24 levels left
                                        Lives:  0   Deaths: 4

rFire   . . .        (weapon unavailable)
rCold   . . .        (shield unavailable)
rNeg    . . .        (body armour unavailable)
rPois   .            (helmet unavailable)
rElec   .            (cloak unavailable)
rCorr   .            (gloves unavailable)
SInv    +            (boots unavailable)
Will    +....        o - amulet of magic regeneration
Stlth   ++           G - +6 ring of intelligence
HPRegen 0.28/turn    E - ring of wizardry
MPRegen 0.58/turn

%: wizardry (x1)
@: no status effects
A: very small, claws 1, fangs 3, see invisible, shaggy fur 2, stealthy paws, no
weapons or thrown items, no armour, multi-lived
a: Renounce Religion, Unearth Wretches


You were in a bailey.
You worshipped Kikubaaqudgha.
Kikubaaqudgha was most pleased with you.
You visited 2 branches of the dungeon, and saw 11 of its levels.
You also visited: Bailey.

You collected 739 gold pieces.
You spent 264 gold pieces at shops.

Inventory:

Jewellery
 f - a ring of poison resistance
 i - a ring of resist corrosion
 o - an amulet of magic regeneration (around neck)
 v - a ring of magical power
 y - an amulet of faith
 E - a ring of wizardry (right paw)
 G - a +6 ring of intelligence (left paw)
Wands
 l - a wand of flame (49)
 m - a wand of polymorph (22)
 D - a wand of charming (7)
Scrolls
 b - a scroll of vulnerability
 d - 2 scrolls of fog
 e - 4 scrolls of torment
 g - 6 scrolls of teleportation
 h - 2 scrolls of noise
 j - 3 scrolls of poison
 r - a scroll of enchant weapon {unknown}
 s - a scroll of amnesia {unknown}
 F - a scroll of revelation {unknown}
Potions
 a - 3 potions of magic
 c - 3 potions of enlightenment
 k - 6 potions of curing
 n - a potion of invisibility {unknown}
 q - a potion of attraction
 t - a potion of haste {unknown}
 u - 2 potions of might
 w - a potion of cancellation {unknown}
 x - a potion of resistance
 z - 2 potions of mutation
 A - a potion of brilliance
 B - a potion of berserk rage


   Skills:
 + Level 6.4 Fighting
 + Level 8.8 Dodging
 - Level 3.0 Stealth
 + Level 7.7 Spellcasting
 - Level 9.1 Summonings
 * Level 1.6 Necromancy
 - Level 5.0 Fire Magic
 - Level 5.0 Air Magic


You had 4 spell levels left.
You knew the following spells:

 Your Spells              Type           Power      Damage    Failure   Level
a - Summon Small Mammal   Summ           100%       N/A       1%          1
b - Call Imp              Summ           100%       N/A       1%          2
c - Call Canine Familiar  Summ           59%        N/A       1%          3
d - Summon Blazeheart Go  Fire/Summ      51%        N/A       1%          4
e - Summon Lightning Spi  Summ/Air       51%        N/A       1%          4
f - Death Channel         Necr           10%        N/A       80%         6

Your spell library contained the following spells:

 Spells                   Type           Power      Damage    Failure   Level
 Necrotise                Necr           80%        1d8       1%          1
 Cigotuvi's Dreadful Rot  Necr/Alch/Air  46%        N/A       1%          2
 Sublimation of Blood     Necr           20%        N/A       1%          2
 Volatile Blastmotes      Fire/Tloc      50%        2d14      1%          3
 Martyr's Knell           Necr/Summ      42%        N/A       2%          4
 Fugue of the Fallen      Necr           20%        N/A       3%          3
 Vampiric Draining        Necr           20%        2d7       3%          3
 Dazzling Flash           Conj/Hex       22%        N/A       6%          3
 Vhi's Electric Charge    Tloc/Air       50%        N/A       7%          4
 Dispel Undead            Necr           20%        3d11      10%         4
 Brom's Barrelling Bould  Conj/Erth      11%        2d3       19%         4
 Petrify                  Alch/Erth      11%        N/A       19%         4
 Arcjolt                  Conj/Air       12%        1d22      19%         5
 Fireball                 Conj/Fire      12%        3d7       19%         5
 Curse of Agony           Necr           20%        N/A       26%         5
 Borgnjor's Vile Clutch   Necr/Erth      7%         N/A       34%         5
 Irradiate                Conj/Alch      5%         3d13      45%         5
 Iskenderun's Battlesphe  Conj           11%        2d7       45%         5
 Conjure Ball Lightning   Conj/Air       12%        3x3d6     67%         6
 Starburst                Conj/Fire      12%        6d5       67%         6
 Orb of Destruction       Conj           5%         9d5       100%        7
 Maxwell's Capacitive Co  Air            20%        ∞         100%        8


Dungeon Overview and Level Annotations

Branches:
Dungeon (10/15)            Temple (1/1) D:4             Orc (0/2) D:10
 Bailey (1/1)
   Lair: D:8-11

Altars:
Ashenzari
Cheibriados
Dithmenos
Elyvilon
Fedhas
Gozag
Hepliaklqana
Kikubaaqudgha
Makhleb
Nemelex Xobeh
Okawaru
Qazlal
Ru
Sif Muna
Trog
Uskayaw
Vehumet
Wu Jian
Xom
Yredelemnul
Zin
The Shining One

Shops:
D:5 !

Annotations:
D:7 exclusion: downstairs


Innate Abilities, Weirdness & Mutations

You have sharp claws.
You have razor-sharp teeth.
You have supernaturally acute eyesight. (SInv)
You are covered in thick fur. (AC +2)
Your paws help you pounce on unaware monsters.
You are incapable of wielding weapons or throwing items.
You cannot wear armour.
You gain extra lives every three experience levels.


Message History

Confirm with . or Enter, or press ? or * to list all spells.
A fiery spirit appears, bound in slag iron.
Your blazeheart golem's core grows cold and it stops moving.
Your blazeheart golem disappears in a puff of smoke!
The spriggan barely misses you.
Unknown command.
Unknown command.
You swap places.
The spriggan attacks as it pursues you! The spriggan completely misses you.
The spriggan hits you with the +4 rapier of Thoughtfulness!
Ouch! That really hurt!
You die...
You feel protected.
Your blazeheart golem punches the spriggan but does no damage.
You rejoin the land of the living...
Unknown command.
The two-headed ogre seems to regain its courage.
Casting: Summon Blazeheart Golem (dangerous; 1% risk of failure)
Confirm with . or Enter, or press ? or * to list all spells.
A fiery spirit appears, bound in slag iron.
The two-headed ogre completely misses you.
The two-headed ogre barely misses you. The two-headed ogre barely misses you.
The two-headed ogre hits you from afar with a +0 glaive!!
Ouch! That really hurt!
The two-headed ogre misses you.
The two-headed ogre completely misses you.
The two-headed ogre completely misses you.
The two-headed ogre hits you from afar with a +0 glaive!
* * * LOW HITPOINT WARNING * * *
Unknown command.
The two-headed ogre hits you from afar with a +0 halberd!
* * * LOW HITPOINT WARNING * * *
The two-headed ogre closely misses you.
Unknown command.
It was a potion of heal wounds.
You feel much better. The two-headed ogre misses you.
The two-headed ogre hits you from afar with a +0 glaive!!
You die...
Kikubaaqudgha rasps: You have failed me!
Welcome... death!

#..~#
#..~~~.)....
#..O~
#..~~~))....
#..~♣.
♣..~~~......
#...#.♣
#..~~~..∩...
#...# D
#..###.....#
##..♣ ..
♣..## #.....#
#..# #..#
##...##
#..#######..#
##.##
#...O9@...#
###
##.......##
#########


You could see a two-headed ogre and a friendly blazeheart golem (summoned).

Vanquished Creatures
  2 two-headed ogres
  Maurice (D:7)
  A gargoyle (D:10)
  A komodo dragon (D:10)
  2 hornets
  A wraith (D:9)
  2 yaks (D:9)
  A black bear (D:7)
  An orc warrior (D:9)
  An ogre (Bailey)
  A wight (D:9)
  4 killer bees
  An orc priest (D:8)
  Ijyb (D:3)
  2 iguanas
  An orc wizard (D:8)
  2 gnolls
  6 orcs
  A giant cockroach (D:1)
  2 goblins (D:2)
  3 hobgoblins
  A jackal (D:3)
  3 kobolds
  A quokka (D:3)
  3 ball pythons
  5 bats
  A rat (D:2)
51 creatures vanquished.

Vanquished Creatures (collateral kills)
  2 hornets
  Grinder (D:3)
  A spriggan (Bailey)
  A wyvern (D:9)
  A yak (D:9)
  A shadow (D:10)
  A water moccasin (D:6)
  A black bear (D:5)
  An ice beast (D:6)
  2 ogres (Bailey)
  2 centaurs
  A phantom (D:4)
  Blork the orc (D:5)
  2 bullfrogs
  A gnoll sergeant (D:5)
  4 scorpions
  3 wights (D:9)
  3 killer bees
  3 howler monkeys (D:9)
  2 hounds (D:5)
  2 orc priests (D:7)
  A bombardier beetle (D:5)
  5 jellies
  A gnoll bouda (D:8)
  4 iguanas
  Jessica (D:3)
  Terence (D:2)
  8 orc wizards
  7 gnolls
  9 adders
  2 shadow imps (D:8)
  3 white imps (D:8)
  2 dart slugs
  A ribbon worm (D:3)
  36 orcs
  A ball python (D:1)
  2 bats
  5 endoplasms
  A giant cockroach (D:2)
  9 goblins
  4 hobgoblins
  2 jackals (D:3)
  A quokka (D:5)
  A frilled lizard (D:1)
  4 kobolds
147 creatures vanquished.

Vanquished Creatures (others)
  A howler monkey (D:9)
  25 blazeheart cores
26 creatures vanquished.

Grand Total: 224 creatures vanquished

Notes
Turn   | Place    | Note
-------+----------+-------------------------------------------
     0 | D:1      | Aldia the Felid Summoner began the quest for the Orb.
     0 | D:1      | Reached XP level 1. HP: 9/9 MP: 4/4
   265 | D:1      | Reached XP level 2. HP: 12/13 MP: 4/6
   285 | D:1      | Learned a level 2 spell: Call Imp
  1306 | D:2      | Reached XP level 3. HP: 16/16 MP: 5/8
  1310 | D:2      | Learned a level 3 spell: Call Canine Familiar
  1330 | D:2      | Found a faded altar of an unknown god.
  1681 | D:2      | Noticed Terence
  1728 | D:2      | Killed Terence
  1729 | D:2      | Reached XP level 4. HP: 21/21 MP: 2/9
  1729 | D:2      | Gained a life (2 lives remaining)
  1867 | D:2      | Reached skill level 5 in Summonings
  1967 | D:2      | You fall into a shaft and drop 1 floor!
  1977 | D:3      | Found a shadowy altar of Dithmenos.
  1998 | D:3      | Slain by an orc wizard
  1998 | D:3      | Lost a life (1 life remaining)
  2300 | D:3      | Found a bloodstained altar of Trog.
  2451 | D:3      | Noticed Grinder
  2542 | D:3      | Noticed Jessica
  2550 | D:3      | Killed Jessica
  2551 | D:3      | Reached XP level 5. HP: 20/24 MP: 2/11
  2585 | D:3      | Learned a level 4 spell: Summon Blazeheart Golem
  2680 | D:3      | Killed Grinder
  2681 | D:3      | Gained mutation: You are covered in thick fur. (AC +2)
                  | [Felid growth]
  2681 | D:3      | Reached XP level 6. HP: 28/28 MP: 0/13
  2910 | D:3      | Noticed Ijyb
  2926 | D:3      | Killed Ijyb
  3385 | D:4      | Reached skill level 6 in Summonings
  3390 | D:4      | Learned a level 4 spell: Summon Lightning Spire
  3478 | D:4      | Reached XP level 7. HP: 16/32 MP: 11/14
  3478 | D:4      | Gained a life (2 lives remaining)
  3636 | D:4      | HP: 1/32 [iguana (12)]
  4166 | D:4      | Found a staircase to the Ecumenical Temple.
  4177 | Temple   | Entered the Ecumenical Temple
  4187 | Temple   | Became a worshipper of Kikubaaqudgha
  4576 | D:5      | Entered Level 5 of the Dungeon
  4600 | D:5      | Reached skill level 1 in Fighting
  4744 | D:5      | Slain by a gnoll
  4744 | D:5      | Lost a life (1 life remaining)
  4783 | D:5      | Reached skill level 5 in Spellcasting
  4841 | D:5      | Reached XP level 8. HP: 39/39 MP: 13/16
  4849 | D:5      | Noticed Blork the orc
  4981 | D:5      | Found Bolouppa's Distillery.
  4984 | D:5      | Bought a potion of resistance for 120 gold pieces
  4984 | D:5      | Bought a potion of mutation for 96 gold pieces
  4984 | D:5      | Bought a potion of brilliance for 48 gold pieces
  5001 | D:5      | Killed Blork the orc
  5107 | D:5      | Reached skill level 5 in Fire Magic
  5329 | D:6      | Reached * piety under Kikubaaqudgha
  5329 | D:6      | Received a gift from Kikubaaqudgha
  5331 | D:6      | Reached skill level 1 in Air Magic
  5446 | D:6      | Reached skill level 7 in Summonings
  5585 | D:6      | Found a shimmering blue altar of Sif Muna.
  5814 | D:7      | Killed by an exploding blazeheart core
  5814 | D:7      | Lost a life (0 lives remaining)
  5849 | D:7      | Found a sacrificial altar of Ru.
  6185 | D:7      | Reached XP level 9. HP: 28/44 MP: 18/18
  6283 | D:7      | Noticed Maurice
  6292 | D:7      | Reached skill level 5 in Dodging
  6300 | D:7      | Killed Maurice
  6712 | D:8      | Reached ** piety under Kikubaaqudgha
  6940 | D:8      | Reached skill level 8 in Summonings
  7082 | D:8      | Found an ornate altar of the Wu Jian Council.
  7490 | D:9      | Reached skill level 5 in Fighting
  7537 | D:9      | Found an iron altar of Okawaru.
  7632 | D:9      | Reached XP level 10. HP: 51/51 MP: 21/21
  7632 | D:9      | Gained a life (1 life remaining)
  8206 | D:9      | Noticed a two-headed ogre
  8218 | D:9      | Killed a two-headed ogre
  8227 | D:9      | Reached *** piety under Kikubaaqudgha
  8227 | D:9      | Received a gift from Kikubaaqudgha
  8385 | D:10     | Entered Level 10 of the Dungeon
  8529 | D:10     | Noticed a gargoyle
  8533 | D:10     | Killed a gargoyle
  8534 | D:10     | Found a staircase to the Orcish Mines.
  8625 | D:10     | Noticed a two-headed ogre
  8630 | D:10     | Killed a two-headed ogre
  8631 | D:10     | Reached skill level 9 in Summonings
  8631 | D:10     | Reached skill level 5 in Air Magic
  8638 | D:10     | Learned a level 6 spell: Death Channel
  8749 | D:10     | Reached skill level 1 in Necromancy
  8791 | D:10     | Found a flagged portal.
  8815 | Bailey   | Entered a bailey
  9086 | Bailey   | Identified the +4 rapier of Thoughtfulness {chaos, ^Contam
                  | rC+ rCorr}
  9086 | Bailey   | Identified the quicksilver dragon scales of Yxoata {Harm
                  | rElec rF+ Will+ Dex+3}
  9092 | Bailey   | Noticed a two-headed ogre
  9101 | Bailey   | Mangled by a spriggan
  9101 | Bailey   | Lost a life (0 lives remaining)
  9117 | Bailey   | HP: 1/53 [two-headed ogre/+0 halberd (12)]
  9120 | Bailey   | Slain by a two-headed ogre

Illustrated notes

Levels and vault maps discovered:
D:1:      dpeg_arrival_three_same_balls, layout_loops_corners, corner_web_ring,
          minmay_bisected
D:2:      layout_basic, dreamdust_ecumenical_altar_angels_and_demons,
          uniq_terence
D:3:      layout_loops_ring, amcnicky_altar_gilded, grunt_dithmenos_smoke,
          uniq_grinder, uniq_ijyb, uniq_jessica
D:4:      layout_loops_ring, minmay_temple_entry_statues_pillars, serial_rivers,
          chequers_serial_rivers_large_a, chequers_serial_rivers_small_a,
          chequers_serial_rivers_small_a, chequers_serial_rivers_room_a,
          chequers_serial_rivers_small_b, chequers_serial_rivers_small_a
D:5:      layout_rooms, serial_shops, kennysheep_mini_moat,
          minmay_strange_pillars, uniq_blork_the_orc
D:6:      layout_rooms, nicolae_sif_muna_little_library
D:7:      layout_basic, mainiacjoe_overflow_catwalk, corexii_leaking_fountain,
          uniq_maurice
D:8:      layout_rooms, nicolae_wu_jian_wuxing_cycle, serial_demonic,
          serial_demonic_b, serial_demonic_f, serial_demonic_c,
          serial_demonic_f, serial_demonic_c, serial_demonic_d,
          nicolae_fountain_basement
D:9:      layout_loops_corners, kennysheep_little_box, minmay_between
D:10:     layout_irregular_city, david_orc_3, enter_bailey_5
Temple:   nicolae_temple_slightly_damp_pantheon
Bailey:   bailey_polearm_enchanted_keep_hellmonk, bailey

Skill      XL: |  1  2  3  4  5  6  7  8  9 10 |
---------------+-------------------------------+-----
Spellcasting   | 3 4 5 6 7 |  7.7
Summonings     | 5 6 7 8 9 |  9.1
Fire Magic     | 2 3 4 5 |  5.0
Stealth        | 3 |  3.0
Fighting       | 2 3 5 6 |  6.4
Dodging        | 4 7 8 |  8.8
Air Magic      | 2 3 5 |  5.0
Necromancy     | 1 |  1.6

Action                     |  1- 3 |  4- 6 |  7- 9 | 10-12 || total
---------------------------+-------+-------+-------+-------++-------
  Melee: Unarmed           |    29 |    54 |    58 |    18 ||   159
         Bite              |     4 |     5 |     6 |     1 ||    16
         Punch             |       |       |     2 |       ||     2
   Cast: Summon Small Mamm |    17 |     4 |    26 |     6 ||    53
         Call Imp          |    13 |    11 |    24 |     4 ||    52
         Call Canine Famil |     1 |    18 |    28 |     5 ||    52
         Summon Blazeheart |       |       |    17 |    17 ||    34
         Summon Lightning  |       |       |     3 |       ||     3
  Evoke: Wand              |       |       |       |     1 ||     1
    Use: Scroll            |     3 |     2 |     6 |     4 ||    15
         Potion            |       |       |     1 |     1 ||     2
   Stab: Sleeping          |     3 |     2 |     2 |       ||     7
 Armour: Skin              |    17 |    32 |    68 |    17 ||   134
  Dodge: Dodged            |    34 |    64 |   140 |    64 ||   302

Table legend: (Time is in decaauts)
 A = Elapsed time spent in this place.
 B = Non-inter-level travel time spent in this place.
 C = Inter-level travel time spent in this place.
 D = Time resting spent in this place.
 E = Time spent auto-exploring this place.
 F = Levels seen in this place.
 G = Mean time per level.
                   A        B        C        D        E       F      G
               +--------+--------+--------+--------+--------+-----+--------+
         Total |   9145 |   8554 |    591 |    178 |   5948 |  12 |  762.1 |
       Dungeon |   8813 |   8231 |    582 |     46 |   5883 |  10 |  881.3 |
        Temple |     20 |     11 |      9 |      0 |      0 |   1 |   20.0 |
        Bailey |    310 |    310 |      0 |    132 |     64 |   1 |  310.0 |
               +--------+--------+--------+--------+--------+-----+--------+

Top non-repeatable levels by time:
     D:4: 1267 daAuts
     D:9: 1226 daAuts
     D:1: 1180 daAuts
     D:3: 1100 daAuts
     D:2: 1055 daAuts
     D:7: 908 daAuts
     D:5: 699 daAuts
     D:8: 650 daAuts
     D:6: 462 daAuts
  Bailey: 310 daAuts
    D:10: 263 daAuts
  Temple: 20 daAuts
